 Dungeon Crawl Stone Soup version 0.17.1-2-g5865329 (webtiles) character file.

964 NobbyNobbs the Fighter (level 8, -1/57 HPs)
             Began as a Gargoyle Fighter on Feb 1, 2016.
             Was a Follower of Okawaru.
             Slain by NobbyNobbs's ghost (13 damage)
             ... on level 8 of the Dungeon.
             The game lasted 00:09:47 (4803 turns).

NobbyNobbs the Fighter (Gargoyle Fighter)           Turns: 4803, Time: 00:09:47

Health: -1/57      AC: 15    Str: 21    XL:     8   Next: 15%
Magic:  8/8        EV:  7    Int: 10    God:    Okawaru [*.....]
Gold:   432        SH:  9    Dex:  9    Spells: 0 memorised, 7 levels left

rFire  . . .     SeeInvis .     h - +4 short sword
rCold  + . .     Clarity  .     b - +1 scale mail
rNeg   + . .     SustAt   .     c - +0 shield
rPois  ∞         Gourm    .     (no helmet)
rElec  +         Spirit   .     (no cloak)
rCorr  .         Warding  .     x - +0 pair of gloves
rMut   .         Stasis   .     w - +0 pair of boots
MR     .....                    (no amulet)
Stlth  ..........               (no ring)
                                o - ring of protection from cold

@: not resistant to hostile enchantments, extremely unstealthy
A: negative energy resistance 1, electricity resistance, unbreathing,
petrification resistance, rot immunity, AC +5
a: Heroism, Renounce Religion


You were on level 8 of the Dungeon.
You worshipped Okawaru.
Okawaru was aware of your devotion.
You were hungry.

You visited 2 branches of the dungeon, and saw 8 of its levels.

You collected 432 gold pieces.

Inventory:

Hand Weapons
 h - a +4 short sword (weapon)
 s - a +2 mace of draining
 v - a -2 flail
Armour
 b - a +1 scale mail (worn)
 c - a +0 shield (worn)
 u - a +0 ring mail of cold resistance
 w - a +0 pair of boots (worn)
 x - a +0 pair of gloves (worn)
Jewellery
 o - a ring of protection from cold (left hand)
Wands
 m - a wand of magic darts (48)
Scrolls
 a - 2 scrolls of remove curse
 k - 3 scrolls of teleportation
 n - 2 scrolls of amnesia
 r - 2 scrolls of blinking
 y - 2 scrolls of enchant armour
 A - a scroll of magic mapping {unknown}
Potions
 g - 5 potions of curing
 j - 3 potions of brilliance
 l - a potion of ambrosia
 q - a potion of invisibility {unknown}
 t - a potion of lignification {unknown}
 C - a potion of poison {unknown}
Comestibles
 e - 5 bread rations
 f - a royal jelly
 p - a meat ration
 z - 2 slices of pizza


   Skills:
 * Level 9.8 Fighting
 - Level 1.7 Short Blades
 + Level 4.1 Armour
 + Level 4.3 Shields


You had 7 spell levels left.
You didn't know any spells.

Dungeon Overview and Level Annotations

Branches:
Dungeon (8/15)             Temple (1/1) D:4
   Lair: D:8-11

Altars:
Cheibriados
Dithmenos
Elyvilon
Fedhas
Gozag
Kikubaaqudgha
Nemelex Xobeh
Okawaru
Qazlal
Ru
Sif Muna
Trog
Yredelemnul

Shops:
D:6 %

Annotations:
D:4 Eustachio; niltaff's ghost, amateur GrFi
D:8 NobbyNobbs's ghost, novice GrFi


Innate Abilities, Weirdness & Mutations

You are resistant to torment.
Your stone body is resilient (AC +5).
You are immune to poison.
You resist negative energy.
You are resistant to electric shocks.
You can survive without breathing.
You are immune to petrification.
You are immune to rotting.


Message History

You are too injured to fight recklessly!
You are too injured to fight recklessly!
You are too injured to fight recklessly!
You are too injured to fight recklessly!
You are too injured to fight recklessly!
You are too injured to fight recklessly!
You are too injured to fight recklessly!
You are too injured to fight recklessly!
You are too injured to fight recklessly!
You are too injured to fight recklessly!
You are too injured to fight recklessly!
You are too injured to fight recklessly!
You are too injured to fight recklessly!
You are too injured to fight recklessly!
You are too injured to fight recklessly!
You are too injured to fight recklessly!
Your shield prevents you from hitting NobbyNobbs's ghost.
NobbyNobbs's ghost is almost destroyed.
NobbyNobbs's ghost hits you!
You die...

## #. #. ### #.
..# ######.#..#
# ..........#.#
............#
.......@..###
.......W....#
..........#....
..........# ###
#####......
#.###... ..
.... ... ####.


You could see NobbyNobbs's ghost.

Vanquished Creatures
  A phantom (D:6)
  An ice beast (D:5)
  An eye of draining (D:8)
  A centaur (D:5)
  Blork the orc (D:5)
  A scorpion (D:5)
  2 hounds
  2 iguanas (D:5)
  2 orc wizards (D:3)
  Terence (D:2)
  A worker ant (D:4)
  A hound skeleton (D:4)
  A worker ant zombie (D:5)
  8 adders
  7 gnolls
  A shadow imp (D:5)
  2 oozes
  2 worms
  4 giant geckos
  11 orcs
  5 ball pythons
  4 bats
  6 giant cockroaches
  12 hobgoblins
  2 jackals (D:6)
  A quokka (D:3)
  A giant gecko zombie (D:5)
  5 giant newts
  6 goblins
  10 kobolds
  7 rats
110 creatures vanquished.

Notes
Turn   | Place    | Note
--------------------------------------------------------------
     0 | D:1      | NobbyNobbs the Gargoyle Fighter began the quest for the Orb.
     0 | D:1      | Reached XP level 1. HP: 14/14 MP: 1/1
    74 | D:1      | Reached XP level 2. HP: 17/19 MP: 2/2
   199 | D:1      | Reached skill level 4 in Fighting
   348 | D:1      | Reached XP level 3. HP: 22/24 MP: 3/3
   956 | D:2      | Reached skill level 5 in Fighting
   956 | D:2      | Reached XP level 4. HP: 16/31 MP: 4/4
  1035 | D:2      | Noticed Terence
  1080 | D:2      | Killed Terence
  1332 | D:2      | Reached XP level 5. HP: 34/36 MP: 5/5
  1508 | D:2      | Reached skill level 6 in Fighting
  2069 | D:3      | Reached XP level 6. HP: 42/42 MP: 6/6
  2195 | D:3      | Reached skill level 7 in Fighting
  2410 | D:4      | Noticed niltaff's ghost (amateur GrFi)
  2694 | D:4      | Found an opulent altar of Gozag.
  2884 | D:4      | Found a snail-covered altar of Cheibriados.
  3372 | D:4      | Found a staircase to the Ecumenical Temple.
  3402 | Temple   | Entered the Ecumenical Temple
  3525 | Temple   | Became a worshipper of Warmaster Okawaru
  3606 | D:4      | Noticed Eustachio
  3633 | D:5      | Entered Level 5 of the Dungeon
  3720 | D:5      | Reached skill level 8 in Fighting
  3720 | D:5      | Reached XP level 7. HP: 37/50 MP: 7/7
  3908 | D:5      | Noticed Blork the orc
  3930 | D:5      | Killed Blork the orc
  4249 | D:5      | Reached * piety under Okawaru
  4249 | D:5      | Reached skill level 9 in Fighting
  4606 | D:6      | Found Iryopt's Food Shop.
  4641 | D:6      | Reached XP level 8. HP: 53/56 MP: 8/8
  4722 | D:6      | You fall through a shaft for 2 floors!
  4722 | D:8      | Noticed NobbyNobbs's ghost (novice GrFi)
  4803 | D:8      | Slain by NobbyNobbs's ghost

Action                   |  1- 3 |  4- 6 |  7- 9 || total
-------------------------+-------+-------+-------++-------
Melee: Rapier            |   114 |   116 |       ||   230
       Short sword       |       |    83 |   142 ||   225
       Whip              |       |    80 |       ||    80
       Flail             |       |    66 |    44 ||   110
       Mace              |       |    25 |       ||    25
  Use: Scroll            |       |    11 |     5 ||    16
       Potion            |       |       |     8 ||     8
  Eat: Chunk             |       |     7 |     3 ||    10
       Pizza             |       |     1 |       ||     1
       Beef jerky        |       |       |     1 ||     1
